 Dungeon Sprint DCSS version 0.17-a0-1642-gd4b747b (webtiles) character file.

12 nuthulu the Fighter (level 5, -9/41 HPs)
             Began as a Gargoyle Fighter on Aug 8, 2015.
             Was a Believer of Trog.
             Killed by an exploding giant spore (17 damage)
             ... in the Dungeon (Sprint VI: "Thunderdome").
             The game lasted 00:01:33 (221 turns).

nuthulu the Fighter (Gargoyle Fighter)               Turns: 221, Time: 00:01:34

Health: -9/41      AC:  6    Str: 27    XL:     5   Next: 78%
Magic:  5/5        EV:  2    Int:  8    God:    Trog [**....]
Gold:   7          SH: 10    Dex: 10    Spells: 0 memorised, 4 levels left

rFire  . . .     SeeInvis .     a - +0 war axe
rCold  . . .     Clarity  .     b - +0 scale mail
rNeg   + . .     SustAt   .     c - +0 shield
rPois  ∞         Gourm    .     (no helmet)
rElec  +         Spirit   .     (no cloak)
rCorr  .         Warding  .     (no gloves)
rMut   .         NoTele   +     (no boots)
MR     .....                    (no amulet)
Stlth  ..........               (no ring)
                                q - ring "Pinem" {*Corrode EV-5 Str+7} (curse)

@: corroded equipment, not resistant to hostile enchantments, extremely
unstealthy
A: negative energy resistance 1, electricity resistance, unbreathing,
petrification resistance, rot immunity, AC +4
a: Burn Spellbooks, Berserk, Trog's Hand, Renounce Religion


You were in the Dungeon.
You worshipped Trog.
Trog was pleased with you.
You were not hungry.

You visited 1 branch You collected 220 gold pieces.
You spent 213 gold pieces at shops.

Inventory:

Hand weapons
 a - a +0 war axe (weapon)
Armour
 b - a +0 scale mail (worn)
 c - a +0 shield (worn)
Jewellery
 q - the cursed ring "Pinem" (left hand) {*Corrode EV-5 Str+7}
   (You bought it in a shop in the Dungeon)

   [ring of evasion]

   It affects your evasion (-5).
   It affects your strength (+7).
   It may corrode your equipment when you take damage.
   It has a curse placed upon it.
Magical devices
 l - a wand of cold (5)
 m - a wand of fire (5)
Scrolls
 k - 4 scrolls of blinking
 n - 3 scrolls of fog
Potions
 d - 6 potions of might
 f - a potion of curing
 g - 4 potions of heal wounds
 h - 3 potions of haste
 i - 2 potions of magic
 j - a potion of berserk rage
 o - a potion of resistance
Comestibles
 e - a bread ration
 p - a chunk of flesh


   Skills:
 + Level 9.4 Fighting
 + Level 7.6 Axes
 - Level 3.2 Armour
 - Level 3.2 Shields


You had 4 spell levels left.
You didn't know any spells.

Dungeon Overview and Level Annotations

Branches:
Dungeon (1/1)

Altars:
Cheibriados
Dithmenos
Fedhas
Gozag
Kikubaaqudgha
Makhleb
Okawaru
Qazlal
Ru
Sif Muna
Trog
Vehumet
Xom
Yredelemnul
Zin
The Shining One
Jiyva
Lugonu

Shops:
D *[%??*?*:[((!!!!


Innate Abilities, Weirdness & Mutations

You are resistant to torment.
Your stone body is resilient (AC +4).
You are immune to poison.
You resist negative energy.
You are resistant to electric shocks.
You can survive without breathing.
You are immune to petrification.
You are immune to rotting.


Message History

The explosion of spores engulfs the ballistomycete. x3
The explosion of spores engulfs the active ballistomycete.
The explosion of spores engulfs the ballistomycete.
Unknown command.
Unknown command.
The giant spore waves its rhizomes. x2
You hear an explosion! x97
Unknown command.
Unknown command.
Unknown command.
You slash the giant spore!
The giant spore explodes!
The explosion of spores engulfs you!
* * * LOW HITPOINT WARNING * * *
The explosion of spores engulfs the ballistomycete.
The explosion of spores engulfs the giant spore.
The giant spore explodes!
The explosion of spores engulfs the ballistomycete.
The explosion of spores engulfs you!
You die...

###∩........8.# #*8........∩###
##.............###*P.†.........##
#⌠..........###..†###..P.......⌠#
#⌠..........# #.<.# #.PP.......⌠#
#⌠..........###...###PPP.......⌠#
##.............###..PPPP.......##
###∩........8.# #.8PPPP....∩###
##∩_._......###PPPPPP___∩##
######.8....@PPPP8P######
#⌠...P...PPPPP# ###...PP.PPP###
#....PPPPP# #....*.PP*#
#_...PPPPP# #∩..P.PP.∩#
##∩..P..∩##


You could see 3 active ballistomycetes.

Vanquished Creatures
  A soldier ant (D)
  4 worker ants (D)
  A ballistomycete (D)
6 creatures vanquished.

Vanquished Creatures (others)
  226 giant spores (D)
226 creatures vanquished.

Grand Total: 232 creatures vanquished

Notes
Turn   | Place    | Note
--------------------------------------------------------------
     0 | D        | nuthulu the Gargoyle Fighter began the quest for the Orb.
     0 | D        | Reached XP level 1. HP: 14/14 MP: 1/1
     1 | D        | Found a radiant altar of Vehumet.
     2 | D        | Found a viscous altar of Jiyva.
     2 | D        | Found a corrupted altar of Lugonu.
     3 | D        | Found an opulent altar of Gozag.
     3 | D        | Found a bloodstained altar of Trog.
     4 | D        | Found Qabb's Do-It-Yourself Clinic.
     4 | D        | Found a basalt altar of Yredelemnul.
     4 | D        | Found a deep blue altar of Sif Muna.
     4 | D        | Found Boomub's Distillery.
     5 | D        | Found Puegatwoyr's Bottled Wisdom.
     5 | D        | Found Taunisyss's Distillery.
     5 | D        | Round 1.
    13 | D        | Bought 6 potions of might for 168 gold pieces
    14 | D        | Became a worshipper of Trog the Wrathful
    45 | D        | Noticed a worker ant
    46 | D        | Found a shimmering altar of Xom.
    47 | D        | Found an ancient bone altar of Kikubaaqudgha.
    50 | D        | Killed a worker ant
    50 | D        | Reached skill level 5 in Fighting
    50 | D        | Reached XP level 2. HP: 15/21 MP: 2/2
    51 | D        | Found Duven's Staff Store.
    67 | D        | Noticed a soldier ant
    67 | D        | Found a glowing silver altar of Zin.
    67 | D        | Found a snail-covered altar of Cheibriados.
    67 | D        | Found Gohef's Magic Scroll Shop.
    67 | D        | Found Wack's Must-Have Magic.
    67 | D        | Found Tibriets's Magic Scroll Shop.
    89 | D        | Killed a soldier ant
    89 | D        | Acquired Trog's first power
    89 | D        | Reached skill level 8 in Fighting
    89 | D        | Reached XP level 3. HP: 18/29 MP: 3/3
    89 | D        | Reached XP level 4. HP: 21/35 MP: 4/4
    89 | D        | Reached XP level 5. HP: 23/39 MP: 5/5
   101 | D        | Noticed a worker ant
   107 | D        | Killed a worker ant
   108 | D        | Noticed a worker ant
   110 | D        | Found a stormy altar of Qazlal.
   113 | D        | Killed a worker ant
   113 | D        | Reached skill level 9 in Fighting
   114 | D        | Found an iron altar of Okawaru.
   114 | D        | Found a blossoming altar of Fedhas.
   115 | D        | Found Tukkuiff's Identification Station.
   115 | D        | Found a sacrificial altar of Ru.
   115 | D        | Found a glowing golden altar of the Shining One.
   115 | D        | Found Jiuhoddad's Bee Food.
   116 | D        | Found Edomeph's Advanced Armour.
   116 | D        | Found Jurrishayr's Jewellery.
   137 | D        | Acquired Trog's second power
   137 | D        | Arena points: 12 (+12) [x2]
   144 | D        | Bought a scintillating turquoise ring for 45 gold pieces
   144 | D        | Identified the cursed ring "Pinem" {*Corrode EV-5 Str+7} (You bought it in a shop in the Dungeon)
   199 | D        | Round 2.
   212 | D        | Found a shadowy altar of Dithmenos.
   213 | D        | Found a burning altar of Makhleb.
   213 | D        | Found Ecefi's Premium Goods.
   213 | D        | Found Xeissut's Weapon Rack.
   214 | D        | Found Ypnar's Miscellaneous Merchandise.
   214 | D        | Found Bonuimeff's Basic Armour.
   221 | D        | Killed by an exploding giant spore

Vault maps used:
D:        arena_sprint

Action                   |  1- 3 |  4- 6 || total
-------------------------+-------+-------++-------
Melee: War axe           |    20 |    13 ||    33
  Use: Potion            |     2 |       ||     2
